 Dungeon Crawl Stone Soup version 0.28-a0-445-g51f8dfeb47 (webtiles) character file.

Game seed: 16115555071819991791

53 Akmetra the Poker (level 3, 0/51 HPs)
             Began as a Minotaur Berserker on Sept 13, 2021.
             Was a Believer of Trog.
             Slain by a gnoll (6 damage)
             ... on level 4 of the Dungeon.
             The game lasted 00:03:23 (1372 turns).

Akmetra the Poker (Minotaur Berserker)              Turns: 1372, Time: 00:03:23

Health: 0/51       AC:  2    Str: 22    XL:     3   Next: 62%
Magic:  2/2        EV:  7    Int:  4    God:    Trog [**....]
Gold:   15         SH: 15    Dex:  9    Spells: 2/2 levels left

rFire   . . .      SeeInvis .   a - +0 spear
rCold   . . .      Faith    .   h - +0 tower shield
rNeg    . . .      Spirit   .   b - +0 animal skin
rPois   .          Reflect  +   (helmet restricted)
rElec   .          Harm     .   (no cloak)
rCorr   .          Rampage  .   (no gloves)
Will    .....                   (no boots)
Stlth   ..........              g - amulet of reflection
HPRegen 0.17/turn               (no ring)
MPRegen 0.08/turn               (no ring)

@: berserking, very quick
A: horns 2, retaliatory headbutt
a: Renounce Religion, Berserk, Trog's Hand


You were on level 4 of the Dungeon.
You worshipped Trog.
Trog was pleased with you.
You visited 1 branch of the dungeon, and saw 3 of its levels.

You collected 15 gold pieces.

Inventory:

Hand Weapons
 a - a +0 spear (weapon)
Armour
 b - a +0 animal skin (worn)
 h - a +0 tower shield (worn)
Jewellery
 g - an amulet of reflection (around neck)
Scrolls
 c - a scroll of magic mapping {unknown}
 e - a scroll of vulnerability {unknown}
Potions
 d - a potion of heal wounds {unknown}
 f - a potion of haste {unknown}


   Skills:
 + Level 4.3 Fighting
 + Level 4.5 Polearms
 + Level 2.5 Armour
 + Level 2.5 Dodging
 + Level 1.2 Shields


You had 2 spell levels left.
You didn't know any spells.
Your spell library was empty.

Dungeon Overview and Level Annotations

Branches:
Dungeon (2/15)

Altars:


Innate Abilities, Weirdness & Mutations

You have a pair of horns on your head.
You reflexively headbutt those who attack you in melee.


Message History

The gnoll is heavily wounded.
You block the gnoll's attack. The gnoll closely misses you.
You block the gnoll's attack.
The gnoll hits you from afar with a +0 spear.
The gnoll completely misses you.
A gnoll comes into view. It is wielding a +1 flail of draining.
You block the gnoll's attack.
You puncture the gnoll!
You kill the gnoll!
Trog accepts your kill. You block the gnoll's attack.
The gnoll closely misses you.
The gnoll hits you from afar with a +0 spear!
You are too injured to fight recklessly!
You block the gnoll's attack.
You are too injured to fight recklessly!
You are too injured to fight recklessly!
You are too injured to fight recklessly!
You block the gnoll's attack. The gnoll barely misses you.
You block the gnoll's attack. x2
A red film seems to cover your vision as you go berserk!
You feel yourself moving faster!
You feel mighty! The gnoll closely misses you.
The gnoll hits you from afar with a +0 spear!
* * * LOW HITPOINT WARNING * * *
You feel a strong urge to attack something.
The gnoll hits you from afar with a +0 spear.
* * * LOW HITPOINT WARNING * * *
You hit the gnoll. You headbutt the gnoll!
You feel the power of Trog in you as your rage grows.
You kill the gnoll!
Trog accepts your kill.
You can now call upon Trog for regeneration and willpower.
The gnoll hits you from afar with a +0 spear.
* * * LOW HITPOINT WARNING * * *
Your Shields skill increases to level 1!
You are too injured to fight recklessly!
You feel a strong urge to attack something.
You hit the gnoll. Your headbutt misses the gnoll.
The gnoll is heavily wounded.
The gnoll hits you with a +0 spear.
You die...

### #.###
#... #####.#
#.....#####.#
#.....).....#
#gg##########
#.@# #..#
#..# #..#
#..# #...
##.# ..# ###


You could see 2 gnolls.

Vanquished Creatures
  2 gnolls (D:4)
  2 worms (D:2)
  2 ball pythons
  3 endoplasms
  A giant cockroach (D:2)
  2 goblins (D:1)
  3 hobgoblins
  2 quokkas (D:1)
  5 bats
  2 frilled lizards (D:1)
  2 kobolds (D:1)
  3 rats (D:1)
29 creatures vanquished.

Vanquished Creatures (others)
  7 demonic plants (D:2)
  3 fungi (D:2)
  3 plants (D:2)
  5 withered plants (D:2)
18 creatures vanquished.

Grand Total: 47 creatures vanquished

Notes
Turn   | Place    | Note
-------+----------+-------------------------------------------
     0 | D:1      | Akmetra the Minotaur Berserker began the quest for the Orb.
     0 | D:1      | Reached XP level 1. HP: 19/19 MP: 0/0
   391 | D:1      | Reached XP level 2. HP: 27/27 MP: 1/1
  1162 | D:2      | Reached XP level 3. HP: 32/33 MP: 2/2
  1350 | D:2      | You fall into a shaft and drop 2 floors!
  1369 | D:4      | Reached ** piety under Trog
  1370 | D:4      | Reached skill level 1 in Shields
  1372 | D:4      | Slain by a gnoll

Illustrated notes

Levels and vault maps discovered:
D:1:      minmay_arrival_solitary_statue, layout_basic, serial_bayou_pond_c,
          minmay_tree_intersection, serial_bayou_pond_e
D:2:      layout_basic, shapermc_ecumenical_altar_gd, grunt_decor_clamped,
          uniq_terence
D:4:      layout_basic, nemelex_xobeh_ov_fountains_minmay, doesnt_xom_only_xom,
          minmay_temple_entry_waves, uniq_duvessa

Skill      XL: |  1  2  3 |
---------------+----------+-----
Polearms       | 4 |  4.5
Fighting       | 4 |  4.3
Shields        | 1 |  1.2
Armour         | |  2.5
Dodging        | |  2.5

Action                   || total
-------------------------++-------
Melee: Spear             ||    75
       Headbutt          ||     7
Invok: Berserk           ||     1
Armor: Animal skin       ||     9
Dodge: Dodged            ||    23
Block: Tower shield      ||    15

Table legend: (Time is in decaauts)
 A = Elapsed time spent in this place.
 B = Non-inter-level travel time spent in this place.
 C = Inter-level travel time spent in this place.
 D = Time resting spent in this place.
 E = Time spent auto-exploring this place.
 F = Levels seen in this place.
 G = Mean time per level.
                   A        B        C        D        E       F      G
               +--------+--------+--------+--------+--------+-----+--------+
         Total |   1375 |   1315 |     60 |      0 |   1124 |   3 |  458.3 |
       Dungeon |   1375 |   1315 |     60 |      0 |   1124 |   3 |  458.3 |
               +--------+--------+--------+--------+--------+-----+--------+

Top non-repeatable levels by time:
     D:1: 775 daAuts
     D:2: 576 daAuts
     D:4: 23 daAuts
